 Dungeon Crawl Stone Soup version 0.28-a0-1235-g7c8fac35f0 (webtiles) character file.

Game seed: 12749545496444148510

911 Mesmaeker13 the Caller (level 8, 0/41 HPs)
             Began as a Tengu Summoner on Dec 24, 2021.
             Succumbed to a scorpion's poison
             ... on level 5 of the Dungeon.
             The game lasted 00:08:03 (5491 turns).

Mesmaeker13 the Caller (Tengu Summoner)             Turns: 5491, Time: 00:08:03

Health: 0/41       AC:  5    Str:  9    XL:     8   Next: 8%
Magic:  11/15      EV: 17    Int: 17    God:
Gold:   100        SH:  0    Dex: 15    Spells: 5/15 levels left

rFire   + + .      SeeInvis .   e - +1 dagger (flame)
rCold   . . .      Faith    .   (no shield)
rNeg    . . .      Spirit   .   o - +2 robe {rF+}
rPois   .          Reflect  .   (helmet restricted)
rElec   .          Harm     .   (no cloak)
rCorr   +          Rampage  .   h - +0 pair of gloves
Will    .....                   (boots unavailable)
Stlth   ++........              (no amulet)
HPRegen 0.13/turn               d - ring of protection from fire
MPRegen 0.14/turn               m - ring of resist corrosion

@: brilliant, lethally poisoned (0 -> -3), flying quickly and evasively, quick
A: beak, talons 3, nimble flight
a: no special abilities


You were on level 5 of the Dungeon.
You visited 1 branch of the dungeon, and saw 5 of its levels.

You collected 246 gold pieces.
You spent 146 gold pieces at shops.

Inventory:

Hand Weapons
 e - a +1 dagger of flaming (weapon)
 k - a +0 trident
Missiles
 c - 16 poisoned darts
Armour
 h - a +0 pair of gloves (worn)
 n - a +0 buckler
 o - a +2 robe of fire resistance (worn)
Jewellery
 d - a ring of protection from fire (left hand)
 m - a ring of resist corrosion (right hand)
Wands
 j - a wand of flame (16)
Scrolls
 a - a scroll of identify
 b - a scroll of enchant weapon
 f - a scroll of silence
 i - a scroll of immolation
Potions
 g - a potion of attraction
 l - a potion of brilliance


   Skills:
 - Level 5.2 Dodging
 - Level 2.0 Stealth
 + Level 2.4 Shields
 - Level 4.3 Spellcasting
 + Level 7.9 Summonings
 + Level 3.1 Air Magic


You had 5 spell levels left.
You knew the following spells:

 Your Spells              Type           Power      Damage    Failure   Level
a - Summon Small Mammal   Summ           100%       N/A       1%          1
b - Call Imp              Summ           45%        N/A       1%          2
c - Call Canine Familiar  Summ           45%        N/A       1%          3
d - Summon Lightning Spi  Summ/Air       33%        N/A       16%         4

Your spell library contained the following spells:

 Spells                   Type           Power      Damage    Failure   Level
 Summon Guardian Golem    Hex/Summ       25%        N/A       9%          3


Dungeon Overview and Level Annotations

Branches:
Dungeon (5/15)
 Temple: D:4-7

Altars:
Zin
The Shining One

Shops:
D:4 [**((


Innate Abilities, Weirdness & Mutations

You have a beak for a mouth.
You have claws for feet.
Your magical nature lets you fly swiftly and evasively.


Message History

The scorpion stings you.
Your hound bites the scorpion but does no damage.
The scorpion closely misses you.
Your crimson imp barely misses the scorpion.
You closely miss the scorpion. Your kick misses the scorpion.
The scorpion is severely wounded.
* * * LOW HITPOINT WARNING * * *
You feel very sick.
Your hound barely misses the scorpion.
The scorpion misses you.
Your hound bites the scorpion but does no damage.
Your crimson imp blinks!
You closely miss the scorpion.
You peck the scorpion, but do no damage.
The scorpion is severely wounded.
* * * LOW HITPOINT WARNING * * *
You feel sick.
Your hound bites the scorpion but does no damage.
The scorpion stings you.
* * * LOW HITPOINT WARNING * * *
It was a potion of brilliance.
You feel clever all of a sudden.
* * * LOW HITPOINT WARNING * * *
You feel sick.
Your hound closely misses the scorpion.
The scorpion stings you but does no damage.
Your hound closely misses the scorpion.
Okay, then.
Okay, then.
* * * LOW HITPOINT WARNING * * *
You feel sick.
Unknown command.
* * * LOW HITPOINT WARNING * * *
You feel sick.
Unknown command.
Your hound bites the scorpion.
The scorpion dies!
Your Air Magic skill increases to level 3!
* * * LOW HITPOINT WARNING * * *
You feel sick.
Okay, then.
You die...

#.......# #...##.###..#
#.......# #...##..#....
#.......# ##...##..'....
#.......####8...8#..#####
#..........##...##..#
#...............#...#
#...............#...#
#...............#...#
#.......@.......#5.##
#.....h.######'##..#
#####.......#....5.....#
#.......5...#..........#
#...........#..##..##..#
#....#..####...##..##..#
#..####'# #.####...#..#
#..# ... #....#..##..#
#..# .....
#....#..##..###


You could see a friendly hound (summoned) and a friendly crimson imp (summoned).

Vanquished Creatures
  A black bear (D:4)
  An ice beast (D:5)
  3 phantoms
  A bullfrog (D:4)
  A scorpion (D:4)
  A water moccasin skeleton (D:4)
  A howler monkey skeleton (D:5)
  3 adders
  An adder skeleton (D:3)
  2 orcs (D:4)
  3 ball pythons
  3 bats
  An endoplasm (D:2)
  4 goblins
  4 hobgoblins
  4 kobolds
  20 rats
54 creatures vanquished.

Vanquished Creatures (collateral kills)
  A scorpion (D:5)
  A wyvern skeleton (D:5)
  A jelly (D:5)
  A bullfrog skeleton (D:5)
  A centaur skeleton (D:4)
  Jessica (D:2)
  2 adders
  A worm (D:2)
  2 dart slugs
  An orc (D:4)
  A giant cockroach (D:1)
  3 goblins
  2 hobgoblins (D:1)
  4 quokkas
  A bat (D:2)
  9 rats
32 creatures vanquished.

Grand Total: 86 creatures vanquished

Notes
Turn   | Place    | Note
-------+----------+-------------------------------------------
     0 | D:1      | Mesmaeker13 the Tengu Summoner began the quest for the Orb.
     0 | D:1      | Reached XP level 1. HP: 10/10 MP: 4/4
   202 | D:1      | Found a faded altar of an unknown god.
   233 | D:1      | Reached skill level 5 in Summonings
   233 | D:1      | Reached XP level 2. HP: 15/15 MP: 6/6
   843 | D:2      | Learned a level 2 spell: Call Imp
  1191 | D:2      | Reached XP level 3. HP: 14/19 MP: 1/7
  2025 | D:2      | Found a glowing golden altar of the Shining One.
  2128 | D:2      | Noticed Jessica
  2145 | D:2      | Killed Jessica
  2146 | D:2      | Reached XP level 4. HP: 14/24 MP: 6/9
  2812 | D:3      | Noticed a centaur
  2894 | D:3      | Noticed a phantom
  3220 | D:3      | Gained mutation: Your magical nature lets you fly swiftly
                  | and evasively. [Tengu growth]
  3220 | D:3      | Reached XP level 5. HP: 20/28 MP: 7/10
  3248 | D:3      | Learned a level 3 spell: Call Canine Familiar
  3276 | D:3      | Killed a phantom
  3277 | D:3      | Reached skill level 6 in Summonings
  3336 | D:4      | Reached XP level 6. HP: 16/32 MP: 7/12
  3576 | D:4      | Found a glowing silver altar of Zin.
  3727 | D:4      | Found Saikig's Antique Weapon Emporium.
  3767 | D:4      | Found Weyck's Antique Weapon Emporium.
  3945 | D:4      | Found Vaumofirph's General Store.
  4165 | D:4      | Noticed a black bear
  4177 | D:4      | Killed a black bear
  4178 | D:4      | Reached skill level 5 in Dodging
  4178 | D:4      | Reached skill level 7 in Summonings
  4178 | D:4      | Reached XP level 7. HP: 36/36 MP: 6/14
  4318 | D:4      | Found a glowing golden altar of the Shining One.
  4436 | D:4      | Found Jupsapt's General Store.
  4450 | D:4      | Bought a +0 buckler for 58 gold pieces
  4692 | D:4      | Found Zofel's Antique Armour Shop.
  4698 | D:4      | Bought a glowing robe for 88 gold pieces
  4850 | D:5      | Entered Level 5 of the Dungeon
  4901 | D:5      | Learned a level 4 spell: Summon Lightning Spire
  4963 | D:5      | Reached skill level 1 in Shields
  4963 | D:5      | Reached skill level 1 in Air Magic
  5313 | D:5      | Reached XP level 8. HP: 26/41 MP: 12/15
  5488 | D:5      | HP: 2/41 [poisoned by a scorpion]
  5491 | D:5      | Succumbed to a scorpion's poison

Illustrated notes

Levels and vault maps discovered:
D:1:      dpeg_arrival_ratfight, layout_rooms, basic_ecumenical_altar,
          patterned_corridor
D:2:      layout_loops_corners, basic_altar, minmay_rat_hole, uniq_jessica
D:3:      gammafunk_steamed_eel, layout_rooms, kennysheep_slug_shrine,
          marbit_many_paths
D:4:      layout_basic, amcnicky_altar_gilded, zin_treasury, serial_shops,
          nicolae_square_shop, kennysheep_little_box, shop, nicolae_shop_stone,
          nicolae_inconvenience_store, chequers_serial_rivers_marsh
D:5:      wander_river, layout_gridville, grunt_decor_junction,
          chequers_hall_statues_y, minmay_misc_feat_doors,
          kennysheep_generic_room_11

Skill      XL: |  1  2  3  4  5  6  7  8 |
---------------+-------------------------+-----
Summonings     | 5 6 7 |  7.9
Dodging        | 3 4 5 |  5.2
Spellcasting   | 3 4 |  4.3
Shields        | 2 |  2.4
Air Magic      | 2 3 |  3.1
Stealth        | |  2.0

Action                   |  1- 3 |  4- 6 |  7- 9 || total
-------------------------+-------+-------+-------++-------
Melee: Unarmed           |     7 |       |       ||     7
       Dagger            |    64 |    66 |    44 ||   174
       Kick              |    15 |    10 |    14 ||    39
       Peck              |     5 |     6 |     4 ||    15
 Cast: Summon Small Mamm |    18 |     4 |       ||    22
       Call Imp          |    20 |    16 |    11 ||    47
       Call Canine Famil |       |     5 |     6 ||    11
Evoke: Wand              |       |     9 |     3 ||    12
  Use: Scroll            |       |     4 |       ||     4
       Potion            |       |       |     1 ||     1
 Stab: Sleeping          |     6 |     1 |       ||     7
       Distracted        |       |     2 |       ||     2
Armor: Robe              |    19 |    14 |     3 ||    36
Dodge: Dodged            |    49 |    71 |    31 ||   151

Table legend: (Time is in decaauts)
 A = Elapsed time spent in this place.
 B = Non-inter-level travel time spent in this place.
 C = Inter-level travel time spent in this place.
 D = Time resting spent in this place.
 E = Time spent auto-exploring this place.
 F = Levels seen in this place.
 G = Mean time per level.
                   A        B        C        D        E       F      G
               +--------+--------+--------+--------+--------+-----+--------+
         Total |   5394 |   5128 |    266 |    990 |   3168 |   5 | 1078.8 |
       Dungeon |   5394 |   5128 |    266 |    990 |   3168 |   5 | 1078.8 |
               +--------+--------+--------+--------+--------+-----+--------+

Top non-repeatable levels by time:
     D:2: 2259 daAuts
     D:4: 1471 daAuts
     D:1: 814 daAuts
     D:5: 619 daAuts
     D:3: 230 daAuts
